 Dungeon Crawl Stone Soup version 0.31-a0-263-ge8cad7f256 (webtiles) character file.

Game seed: 16654870330275640751

232 freelancePsychic the Trooper (level 5, 0/43 HPs)
             Began as a Demonspawn Shapeshifter on July 13, 2023.
             Slain by a gnoll bouda
             ... wielding a +1 whip of freezing
              (2 damage)
             ... on level 4 of the Dungeon.
             The game lasted 00:04:30 (2066 turns).

freelancePsychic the Trooper (DsSh)                 Turns: 2066, Time: 00:04:31

Health: 0/43       AC:  5    Str: 16    XL:     5   Next: 73%
Magic:  5/5        EV: 12    Int:  9    God:
Gold:   81         SH:  0    Dex: 15    Spells: 4/4 levels left

rFire   + + +        i - +3 sling (heavy)
rCold   + . .        (no shield)
rNeg    + . .        r - +0 leather armour
rPois   .            (helmet currently unavailable)
rElec   .            (cloak currently unavailable)
rCorr   .            (gloves currently unavailable)
SInv    .            (boots currently unavailable)
Will    .....        (no amulet)
Stlth   +            x - ring of protection from cold
HPRegen 0.27/turn    j - ring of Charity {+Blink rF+++ rN+ Will-}
MPRegen 0.09/turn

%: no passive effects
@: beast-form, weakened
A: beast (slay +1), thin metallic scales 1, powered by pain 1, weakness stinger
1
a: Begin Untransformation, Evoke Blink


You were on level 4 of the Dungeon.
You were a hulking beast.
You visited 1 branch of the dungeon, and saw 4 of its levels.

You collected 133 gold pieces.
You spent 52 gold pieces at shops.

Inventory:

Hand Weapons
 e - a +0 dagger
 i - a +3 heavy sling (weapon)
Armour
 a - a +0 animal skin
 r - a +0 leather armour (worn)
 y - a +0 helmet
Jewellery
 j - the ring of Charity (right hand) {+Blink rF+++ rN+ Will-}
   (You acquired it on level 1 of the Dungeon)

   [ring of positive energy]

   rF:        It renders you almost immune to fire.
   rN:        It protects you from negative energy.
   +Blink:    It lets you blink.
   Will:      It decreases your willpower.
 x - a ring of protection from cold (left hand)
Talismans
 c - a beast talisman
Scrolls
 d - a scroll of vulnerability
 l - 2 scrolls of fear
 o - 3 scrolls of enchant weapon
 p - a scroll of teleportation {@r4}
 t - a scroll of blinking
 v - 2 scrolls of identify {@r1}
Potions
 b - 2 potions of lignification
 f - a potion of magic {unknown}
 g - 3 potions of heal wounds {unknown}
 h - a potion of ambrosia {unknown}
 k - 2 potions of cancellation {unknown}
 m - a potion of resistance {unknown}
 n - 3 potions of curing {unknown}
 q - a potion of might {unknown}
 s - a potion of invisibility {unknown}
 w - a potion of mutation {unknown}


   Skills:
 + Level 4.4 Fighting
 - Level 0.1 Short Blades
 + Level 3.2 Ranged Weapons
 - Level 1.7 Dodging
 - Level 2.0 Unarmed Combat
 - Level 0.3 Conjurations
 - Level 2.6 Shapeshifting


You had 4 spell levels left.
You didn't know any spells.
Your spell library contained the following spells:

 Spells                   Type           Power      Damage    Failure   Level
 Magic Dart               Conj           0%         1d3       41%         1
 Call Imp                 Summ           0%         N/A       58%         2
 Mephitic Cloud           Conj/Pois/Air  0%         N/A       82%         3
 Vhi's Electric Charge    Tloc/Air       0%         N/A       83%         3
 Arcjolt                  Conj/Air       0%         1d10      100%        5
 Fireball                 Conj/Fire      0%         3d3       100%        5
 Iskenderun's Battlesphe  Conj           0%         2d6       100%        5
 Conjure Ball Lightning   Conj/Air       0%         3x3d6     100%        6
 Plasma Beam              Fire/Air       0%         2x1d10    100%        6
 Orb of Destruction       Conj           0%         9d5       100%        7


Dungeon Overview and Level Annotations

Branches:
Dungeon (4/15)
 Temple: D:4-7

Altars:

Shops:
D:1 (?

Annotations:
D:3 2 transporters, Ijyb; bakla's ghost, amateur TeBr


Innate Abilities, Weirdness & Mutations

You are a hulking beast.
Your limbs bulge with bestial killing power. (Slay +1)
You are partially covered in thin metallic scales. (AC +2)
You sometimes gain a little power by taking damage.
You have a small tail.


Message History

The gnoll shouts!
The sling bullet hits the gnoll bouda!
The gnoll bouda is heavily wounded.
The gnoll closely misses you.
The gnoll bouda hits you with a +1 whip of freezing!
The gnoll bouda gazes fiercely through you!
You feel your attacks grow feeble. The gnoll bouda misses you.
The gnoll closely misses you.
The gnoll hits you from afar with a +0 halberd!
* * * LOW HITPOINT WARNING * * *
You are too injured to fight recklessly!
You are too injured to fight recklessly!
You are too injured to fight recklessly!
You are too injured to fight recklessly!
You are too injured to fight recklessly!
You are too injured to fight recklessly!
You are too injured to fight recklessly!
You are too injured to fight recklessly!
You are too injured to fight recklessly!
You are too injured to fight recklessly!
You are too injured to fight recklessly!
You are too injured to fight recklessly!
You are too injured to fight recklessly!
You are too injured to fight recklessly!
You are too injured to fight recklessly!
You are too injured to fight recklessly!
You are too injured to fight recklessly!
You are too injured to fight recklessly!
You are too injured to fight recklessly!
You are too injured to fight recklessly!
Unknown command.
The gnoll bouda closely misses you.
The gnoll is no longer moving quickly.
The gnoll bouda gazes fiercely through you!
You feel as though you will be weak longer.
The gnoll bouda attacks as you move away!
The gnoll bouda hits you with a +1 whip of freezing!
* * * LOW HITPOINT WARNING * * *
The gnoll bouda freezes you.
You die...

..........#*******,,,,,,,,,,,>,,,
######.#######*#.#**,,**,,,,,,,,,
#.# #.†,...,..,,,,,,,,,,,,
######.#####.###.#*..************
..........##.#....,..,,,,,,,,,*
..........##.#.#.#*.#********,*
..........##.#.#.#*.# ****+***
..........##.#.#.#*.# *,,,,,,,
..........##.#.#h##.######,,,,,,,
.................gg.......,,,,,,,
....)...†..........g......***+***
...................g.)....* *,*
..>.......................* *,*
*####################+#...* *,*
,,,,,,,,,,,,,,,,,,,,,,*,..***,***
,,,,,,,,,,,,,,,,,,,,,,*,,.**,,,,,
,,,,,,,,,,,,,,,,,,,,,,*,,,*******


You could see a gnoll bouda and 3 gnolls.

Vanquished Creatures
  Menkaure (D:4)
  4 adders
  A gnoll (D:4)
  3 dart slugs
  9 endoplasms
  2 giant cockroaches
  4 goblins
  4 hobgoblins
  9 kobolds
  4 quokkas
  6 ball pythons
  3 bats
  5 frilled lizards
  7 rats
62 creatures vanquished.

Notes
Turn   | Place    | Note
-------+----------+-------------------------------------------
     0 | D:1      | freelancePsychic the Demonspawn Shapeshifter began the
                  | quest for the Orb.
     0 | D:1      | Reached XP level 1. HP: 16/16 MP: 1/1
   315 | D:1      | Found Aced's Antique Weapon Emporium.
   317 | D:1      | Gained mutation: You are partially covered in thin metallic
                  | scales. (AC +2) [demonic ancestry]
   317 | D:1      | Reached XP level 2. HP: 23/23 MP: 2/2
   440 | D:1      | Found Fokex's Magic Scroll Boutique.
   606 | D:1      | Reached skill level 1 in Ranged Weapons
   780 | D:1      | Reached XP level 3. HP: 20/28 MP: 3/3
   860 | D:2      | Reached skill level 3 in Fighting
  1272 | D:2      | Found a faded altar of an unknown god.
  1410 | D:1      | Bought a scroll of identify for 26 gold pieces
  1410 | D:1      | Bought a scroll of identify for 26 gold pieces
  1410 | D:1      | Identified a scroll of acquirement
  1412 | D:1      | Acquired the ring of Charity {+Blink rF+++ rN+ Will-}
  1446 | D:3      | Found a transporter.
  1449 | D:3      | Noticed bakla's ghost (amateur TeBr)
  1455 | D:3      | Found a transporter.
  1484 | D:3      | Gained mutation: You have a small tail. [demonic ancestry]
  1484 | D:3      | Reached XP level 4. HP: 32/34 MP: 4/4
  1518 | D:3      | Noticed Ijyb
  1900 | D:4      | Noticed Menkaure
  1910 | D:4      | Killed Menkaure
  1911 | D:4      | Reached skill level 4 in Fighting
  1911 | D:4      | Gained mutation: You sometimes gain a little power by
                  | taking damage. [demonic ancestry]
  1911 | D:4      | Reached XP level 5. HP: 17/42 MP: 5/5
  2066 | D:4      | HP: 2/43 [gnoll bouda/+1 whip of freezing (9)]
  2066 | D:4      | Slain by a gnoll bouda

Illustrated notes

Levels and vault maps discovered:
D:1:      wander_arrival_lonely_grave, layout_basic, serial_shops,
          nicolae_square_shop, shop, supply_closet_lemuel,
          hangedman_decor_peaks_small, minmay_pentomino_s4
D:2:      layout_rooms, shapermc_ecumenical_altar_pompeii, glass_columns_a
D:3:      layout_rooms, gammafunk_ghost_mausoleum, patterned_corridor, uniq_ijyb
D:4:      layout_basic, nicolae_sif_muna_little_library,
          nemelex_dance_club_becter, kennysheep_okawaru_gauntlet,
          feat_on_display, uniq_menkaure, uniq_robin

Skill      XL: |  1  2  3  4 |
---------------+-------------+-----
Unarmed Combat | 2 |  2.0
Ranged Weapons | 1 3 |  3.2
Fighting       | 3 4 |  4.4
Short Blades   | |  0.1
Dodging        | |  1.7
Conjurations   | |  0.3
Shapeshifting  | |  2.6

Action                     |  1- 3 |  4- 6 || total
---------------------------+-------+-------++-------
  Melee: Unarmed           |    22 |       ||    22
         Dagger            |     9 |       ||     9
   Fire: Sling             |    64 |    41 ||   105
    Use: Scroll            |     9 |     1 ||    10
 Armour: Animal skin       |     8 |       ||     8
         Leather armour    |     5 |     9 ||    14
  Dodge: Dodged            |    33 |    20 ||    53

Table legend: (Time is in decaauts)
 A = Elapsed time spent in this place.
 B = Non-inter-level travel time spent in this place.
 C = Inter-level travel time spent in this place.
 D = Time resting spent in this place.
 E = Time spent auto-exploring this place.
 F = Levels seen in this place.
 G = Mean time per level.
                   A        B        C        D        E       F      G
               +--------+--------+--------+--------+--------+-----+--------+
         Total |   2168 |   2048 |    120 |      0 |   1605 |   4 |  542.0 |
       Dungeon |   2168 |   2048 |    120 |      0 |   1605 |   4 |  542.0 |
               +--------+--------+--------+--------+--------+-----+--------+

Top non-repeatable levels by time:
     D:1: 876 daAuts
     D:2: 615 daAuts
     D:3: 488 daAuts
     D:4: 189 daAuts
